 Dungeon Crawl Stone Soup version 0.19-a0-1091-g463c9de (webtiles) character file.

1601 4thArraOfDagon the Covert (level 8, -1/36 HPs)
             Began as a Spriggan Enchanter on Aug 7, 2016.
             Was a Follower of Uskayaw.
             Slain by a centaur (4 damage)
             ... on level 10 of the Dungeon.
             The game lasted 00:10:34 (1715 turns).

4thArraOfDagon the Covert (Spriggan Enchanter)      Turns: 1715, Time: 00:10:35

Health: -1/36      AC:  3    Str:  4    XL:     8   Next: 62%
Magic:  5/13       EV: 18    Int: 19    God:    Uskayaw [*.....]
Gold:   310        SH:  0    Dex: 16    Spells: 3 memorised, 6 levels left

rFire  . . .     SeeInvis +     x - +3 short sword
rCold  . . .     Gourm    .     b - +1 robe
rNeg   . . .     Faith    .     (shield restricted)
rPois  .         Spirit   .     (helmet restricted)
rElec  .         Dismiss  .     (no cloak)
rCorr  .         Reflect  .     (gloves unavailable)
SustAt .         Harm     .     (boots unavailable)
MR     +....                    (no amulet)
Stlth  +++++.....               (no ring)
                                u - ring of flight

@: very quick
A: unfitting armour, see invisible, herbivore 3, speed 3, slow metabolism 2
a: Stomp, Renounce Religion, Evoke Flight


You were on level 10 of the Dungeon.
You worshipped Uskayaw.
Uskayaw was noncommittal.
You were not hungry.

You visited 1 branch of the dungeon, and saw 11 of its levels.

You collected 310 gold pieces.

Inventory:

Hand Weapons
 a - a +1 dagger
 x - a +3 short sword (weapon)
Armour
 b - a +1 robe (worn)
Jewellery
 u - a ring of flight (left hand)
Wands
 f - a wand of iceblast (5/15)
 l - a wand of confusion (16/48)
 w - a wand of polymorph (5/24)
Scrolls
 g - a scroll of random uselessness {unknown}
 h - 2 scrolls of teleportation {unknown}
 k - a scroll of amnesia {unknown}
 p - a scroll of blinking {unknown}
 q - a scroll of immolation {unknown}
 r - 3 scrolls of fear {unknown}
 s - a scroll of noise {unknown}
 y - a scroll of recharging {unknown}
Potions
 e - a potion of degeneration
 i - 2 potions of might {unknown}
 j - a potion of heal wounds
 m - a potion of cure mutation
 n - a potion of ambrosia
 o - 2 potions of brilliance
 v - a potion of berserk rage
 z - a potion of curing
 A - a potion of resistance
Books
 c - a book of Maledictions

   Spells                             Type                      Level
   a - Corona                         Hexes                        1
   b - Ensorcelled Hibernation        Hexes/Ice                    2
   c - Confuse                        Hexes                        3
   d - Tukima's Dance                 Hexes                        3
   e - Dazzling Spray                 Conjuration/Hexes            3
Comestibles
 d - 4 bread rations


   Skills:
 * Level 6.1 Short Blades
 - Level 3.0 Dodging
 * Level 10.5 Stealth
 - Level 2.6 Spellcasting
 + Level 6.1 Hexes
 - Level 4.2 Ice Magic
 - Level 2.4 Evocations


You had 6 spell levels left.
You knew the following spells:

 Your Spells              Type           Power        Failure   Level  Hunger
a - Corona                Hex            ####...      1%          1    None
b - Ensorcelled Hibernat  Hex/Ice        ###...       3%          2    ##.....
c - Confuse               Hex            ####....     4%          3    ###....


Dungeon Overview and Level Annotations

Branches:
Dungeon (11/15)
 Temple: D:4-7         Lair: D:8-11         Orc: D:9-12

Altars:
Ashenzari
Kikubaaqudgha
Okawaru
Qazlal
Ru
Uskayaw
Vehumet
Xom

Annotations:
D:3 Grinder


Innate Abilities, Weirdness & Mutations

You are tiny and cannot use many weapons and most armour.
You have supernaturally acute eyesight. (SInv)
You are a herbivore.
You cover ground extremely quickly.
You need consume almost no food.


Message History

Unknown command.
The centaur wields a shortbow.
The centaur shoots an arrow.
The arrow completely misses you.
Unknown command.
The centaur shoots an arrow.
The arrow hits you.
* * * LOW HITPOINT WARNING * * *
You see here an arrow.
Unknown command.
Unknown command.
Casting: Ensorcelled Hibernation
Confirm with . or Enter, or press ? or * to list all spells.
Aiming: Ensorcelled Hibernation
Press: ? - help, Shift-Dir - straight line, f - centaur
Aim: a centaur, wielding a shortbow (chance to defeat MR: 51%)
The centaur resists with some effort.
The centaur unwields an uncursed shortbow.
The centaur hits you.
* * * LOW HITPOINT WARNING * * *
The centaur hits you.
You die...

..§§.###..#
.M.P......############..
§.§§..>................
P§...########...##......
##.. #...# ...... #
#...##......
######...........
.......(..........
######...(@.####
#.####c# #. .# #. .# #.
.# #. .# .# .+


You could see a centaur.

Vanquished Creatures
  A hungry ghost (D:8)
  A hippogriff (D:10)
  A wasp (D:7)
  3 centaurs
  3 ogres
  A big kobold (D:7)
  A giant frog (D:9)
  A water moccasin zombie (D:5)
  4 howler monkeys
  2 crimson imps (D:5)
  A hound (D:7)
  A jelly (D:8)
  A centaur skeleton (D:7)
  2 iguanas
  5 worker ants
  A hound skeleton (D:5)
  3 adders
  A shadow imp (D:9)
  A white imp (D:5)
  2 worms
  3 dart slugs
  3 giant geckos
  An orc (D:5)
  2 giant cockroaches
  2 goblins (D:2)
  A hobgoblin (D:2)
  13 jackals
  2 bats
  A giant newt (D:2)
  A jackal zombie (D:8)
  A kobold (D:3)
  3 rats (D:2)
69 creatures vanquished.

Vanquished Creatures (others)
  An orc wizard (D:5)
  An orc (D:5)
2 creatures vanquished.

Grand Total: 71 creatures vanquished

Notes
Turn   | Place    | Note
-------+----------+-------------------------------------------
     0 | D:1      | 4thArraOfDagon the Spriggan Enchanter began the quest for the Orb.
     0 | D:1      | Reached XP level 1. HP: 9/9 MP: 5/5
    33 | D:2      | Reached skill level 5 in Stealth
    56 | D:2      | Reached XP level 2. HP: 8/13 MP: 4/6
    60 | D:2      | Learned a level 2 spell: Ensorcelled Hibernation
   174 | D:2      | Found a stormy altar of Qazlal.
   174 | D:2      | Found a radiant altar of Vehumet.
   212 | D:2      | Found a hide-covered altar of Uskayaw.
   221 | D:2      | Became a worshipper of Uskayaw the Reveler
   256 | D:2      | Found a stormy altar of Qazlal.
   292 | D:3      | Reached * piety under Uskayaw
   294 | D:3      | Reached ** piety under Uskayaw
   454 | D:3      | Reached XP level 3. HP: 10/16 MP: 1/8
   524 | D:4      | Learned a level 3 spell: Confuse
   565 | D:4      | Reached skill level 6 in Stealth
   572 | D:4      | Reached skill level 1 in Ice Magic
   586 | D:4      | Reached XP level 4. HP: 12/21 MP: 3/9
   663 | D:3      | Noticed Grinder
   770 | D:5      | Entered Level 5 of the Dungeon
   878 | D:5      | Reached skill level 1 in Evocations
   898 | D:5      | Reached skill level 7 in Stealth
   898 | D:5      | Reached XP level 5. HP: 19/24 MP: 7/10
   902 | D:5      | Found a sacrificial altar of Ru.
   915 | D:5      | Found a shimmering altar of Xom.
   917 | D:5      | Reached *** piety under Uskayaw
   966 | D:5      | Reached XP level 6. HP: 27/28 MP: 4/11
  1024 | D:6      | Noticed an orc warrior
  1089 | D:6      | Noticed a water moccasin
  1138 | D:7      | Found a shattered altar of Ashenzari.
  1152 | D:7      | Reached skill level 8 in Stealth
  1205 | D:7      | Reached XP level 7. HP: 32/32 MP: 1/12
  1234 | D:8      | Noticed a hungry ghost
  1243 | D:8      | Killed a hungry ghost
  1243 | D:8      | Reached skill level 5 in Hexes
  1254 | D:8      | Reached skill level 9 in Stealth
  1269 | D:8      | Reached skill level 5 in Short Blades
  1269 | D:8      | Reached XP level 8. HP: 36/36 MP: 5/13
  1288 | D:7      | Noticed Joseph
  1316 | D:7      | (
  1326 | D:7      | Noticed Joseph
  1326 | D:7      | Joseph changed into Joseph the big kobold
  1331 | D:7      | Killed Joseph the big kobold
  1393 | D:9      | Found an iron altar of Okawaru.
  1450 | D:9      | Found an ancient bone altar of Kikubaaqudgha.
  1492 | D:9      | Reached skill level 10 in Stealth
  1554 | D:10     | Entered Level 10 of the Dungeon
  1605 | D:10     | Noticed a hill giant
  1715 | D:10     | Slain by a centaur

Vault maps used:
D:1:      lightli_arrival_flooded_house
D:2:      lemuel_round_altar, gammafunk_temple_overflow_elements,
          nicolae_qazlal_general_emergency, uniq_iyjb
D:3:      ecumenical_altar_2, first_bread, grunt_pakellas_mercury, uniq_grinder
D:4:      lemuel_doored_altar, serial_shops, shop, uniq_eustachio
D:5:      xom_confusion_cloud, marbit_many_paths, lemuel_blue_sif_altar,
          basic_altar, minmay_fire_ice_demons
D:7:      kennysheep_mini, nicolae_ashenzari_panopticon, uniq_prince_ribbit1,
          uniq_joseph
D:8:      lemuel_crystal_altar, minmay_lair_entry_lava, basic_altar
D:9:      old_standard_altar, lemuel_crystal_altar, st_stairs_13
D:10:     lemuel_ice_spiral_2, zombieorc2_lemuel, serial_undead,
          serial_undead_e, serial_undead_d, serial_undead_e, serial_undead_b,
          serial_shops, shop
D:11:     minmay_misc_feat_encased, hangedman_pestilent_swarm, minivault_13

Skill      XL: |  1  2  3  4  5  6  7  8 |
---------------+-------------------------+-----
Stealth        | 5 6 7 8 9 10 | 10.5
Ice Magic      | 1 2 3 4 |  4.2
Short Blades   | 2 3 4 5 6 |  6.1
Hexes          | 4 5 6 |  6.1
Evocations     | 1 2 |  2.4
Dodging        | |  3.0
Spellcasting   | |  2.6

Action                   |  1- 3 |  4- 6 |  7- 9 || total
-------------------------+-------+-------+-------++-------
Melee: Dagger            |    68 |    80 |       ||   148
       Short sword       |       |       |    37 ||    37
 Cast: Corona            |     1 |       |       ||     1
       Ensorcelled Hiber |     7 |    12 |    18 ||    37
       Confuse           |       |     5 |       ||     5
Invok: Stomp             |       |       |     1 ||     1
Evoke: Wand              |     1 |     8 |     7 ||    16
  Use: Scroll            |     3 |     1 |     4 ||     8
       Potion            |       |     1 |       ||     1
 Stab: Sleeping          |    17 |    13 |    17 ||    47
       Confused          |       |     8 |     2 ||    10
       Paralysed         |       |     1 |       ||     1
  Eat: Pizza             |       |       |     1 ||     1
Armor: Robe              |    14 |    10 |     2 ||    26
Dodge: Dodged            |    68 |    46 |    21 ||   135
